 Dungeon Crawl Stone Soup version 0.17-a0-429-gec93a36 (webtiles) character file.

5 Chained the Ruffian (level 1, 0/16 HPs)
             Began as a Draconian Transmuter on Apr 3, 2015.
             Slain by a water moccasin skeleton (4 damage)
             ... on level 3 of the Dungeon.
             The game lasted 00:10:42 (562 turns).

Chained the Ruffian (Draconian Transmuter)           Turns: 562, Time: 00:10:42

Health: 0/16       AC:  4    Str: 12    XL:     1   Next: 66%
Magic:  3/3        EV: 12    Int: 13    God:
Gold:   19         SH:  0    Dex: 11    Spells: 1 memorised, 3 levels left

rFire  . . .     SeeInvis .     c - -3 dagger (curse)
rCold  . . .     Clarity  .     (armour unavailable)
rNeg   . . .     SustAb   .     (no shield)
rPois  .         Gourm    .     (helmet restricted)
rElec  .         Spirit   .     (no cloak)
rCorr  .         Warding  .     (no gloves)
rMut   .         Stasis   .     (no boots)
MR     .....                    (no amulet)
Stlth  +.........               (no ring)
                                (no ring)

@: not resistant to hostile enchantments, very unstealthy
A: unfitting armour, cold-blooded, AC +4
a: no special abilities


You were on level 3 of the Dungeon.
You were not hungry.

You visited 1 branch of the dungeon, and saw 3 of its levels.

You collected 19 gold pieces.

Inventory:

Hand weapons
 c - a cursed -3 dagger (weapon)
 o - a +0 club
Missiles
 b - 12 arrows
 e - 18 stones
 h - 11 bolts
 k - 2 javelins of penetration (quivered)
 n - 23 sling bullets
Armour
 l - a +0 ring mail
Magical devices
 p - a wand of magic darts (9)
Scrolls
 i - a scroll of identify {unknown}
 j - a scroll of remove curse {unknown}
Potions
 f - a potion of ambrosia {unknown}
 g - a potion of might {unknown}
Books
 d - a book of Changes

   Spells                             Type                      Level
   a - Beastly Appendage              Transmutation                1
   b - Sticks to Snakes               Transmutation                2
   c - Spider Form                    Transmutation/Poison         3
   d - Ice Form                       Ice/Transmutation            4
   e - Blade Hands                    Transmutation                5
Comestibles
 a - 2 bread rations
 m - a beef jerky


   Skills:
 + Level 1.1 Fighting
 + Level 2.0 Dodging
 + Level 3.2 Unarmed Combat
 + Level 2.0 Spellcasting
 + Level 2.0 Transmutations


You had 3 spell levels left.
You knew the following spells:

 Your Spells              Type           Power        Failure   Level  Hunger
a - Beastly Appendage     Trmt           #.....       12%         1    ##.....


Dungeon Overview and Level Annotations

Branches:
Dungeon (3/15)

Altars:


Innate Abilities, Weirdness & Mutations

Your plain brown scales are hard (AC +4).
Your body does not fit into most forms of armour.
You are cold-blooded and may be slowed by cold attacks.


Message History

* * * LOW HITPOINT WARNING * * *
The bat completely misses you.
You see here a lead wand.
p - a wand of magic darts The bat hits you but does no damage.
The water moccasin skeleton bites you but does no damage.
You can't unwield your weapon to draw a new one!
You hit the water moccasin skeleton. The water moccasin skeleton misses you.
The bat hits you but does no damage.
You hit the water moccasin skeleton. The bat closely misses you.
The water moccasin skeleton barely misses you.
The hobgoblin hits you but does no damage.
You hit the water moccasin skeleton. The bat hits you but does no damage.
The water moccasin skeleton closely misses you.
The hobgoblin barely misses you.
The water moccasin skeleton closely misses you.
The bat barely misses you. The bat hits you but does no damage.
The bat hits you but does no damage. The water moccasin skeleton bites you.
You die...

#.............######..##.
#.........!.s.#?.........
#.......#####.........##.
#.......# ###.#........
#.......# #.#......#.
+.......# #.#........
#.......# #.###.##...
#......Z#######..........
#.....sg@.......####.##..
#......b........# (.....>
#####...........#.##.####
#........... #. .
#........... ##
#.......... #.........
#........ #.......


You could see a scorpion, a hobgoblin, a bat and a water moccasin skeleton.

Vanquished Creatures
  A bat (D:2)
  A hobgoblin (D:2)
  A giant newt (D:1)
  3 rats
6 creatures vanquished.

Notes
Turn   | Place    | Note
--------------------------------------------------------------
     0 | D:1      | Chained, the Draconian Transmuter, began the quest for the Orb.
     0 | D:1      | Reached XP level 1. HP: 16/16 MP: 3/3
   344 | D:3      | Noticed a scorpion
   532 | D:3      | Noticed a water moccasin skeleton
   562 | D:3      | Slain by a water moccasin skeleton

Action                   || total
-------------------------++-------
Melee: Dagger            ||    41
Throw: Javelin           ||     2
 Cast: Beastly Appendage ||     3
